[Event "Early-Titled-Tuesday-Blitz-September-12-2023"]
[Site "Chess.com"]
[Date "2023.09.12"]
[Round "11"]
[White "pirulillo"]
[Black "Chessdreamer2020"]
[Result "1/2-1/2"]
[WhiteElo "2333"]
[BlackElo "2516"]
[TimeControl "180+1"]
[EndTime "10:08:04 PDT"]
[Termination "Game drawn by stalemate"]

1. e4 d6 2. d4 Nf6 3. Nc3 c6 4. Be2 e5 5. Be3 Nbd7 6. g4 exd4 7. Qxd4 Ne5 8. f3 h6 9. O-O-O Be7 10. h4 Qa5 11.
Nh3 Be6 12. Nf4 Bxa2 13. g5 Nfd7 14. gxh6 gxh6 15. Nh5 Be6 16. f4 c5 17. Qa4 Qxa4 18. Nxa4 Nc4 19. Bxc4 Bxc4 20. Ng7+ Kf8 21. Nf5 Be2 22.
Rd2 Bf3 23. Re1 Bxe4 24. Nxd6 Bxd6 25. Rxd6 Bc6 26. Nxc5 Nf6 27. Rxf6 Kg7 28. Bd4 Rhd8 29. Bc3 Bd5 30. Re7 Kf8 31. Re1 Re8 32. Rxe8+ Kxe8 33. Rxh6 Ke7 34. Bf6+ Kd6 35. Bd4+ Ke7 36. Nd3 Rg8 37. Kd2 b6 38. h5 Rg2+ 39. Kc3 Rh2 40. Rh8 Rh3 41. h6 Be4 42. Bg7 Ke6 43. Ra8 Bxa8 44.
Kd4 Bc6 45. Ne5 Be8 46. Ng4 f6 47. Nxf6 Bg6 48. c4 Rh2 49. b4 Kf5 50. c5 Rd2+ 51.
Kc3 Rd8 52. c6 Rc8 53. b5 a6 54. Kb4 axb5 55. Kxb5 Kxf4 56. Kxb6 Be4 57. c7 Bf5 58. h7 Bxh7 59. Nxh7 Kf5 60. Bc3 Ke6 61. Nf6 Kd6 62. Ne4+ Kd7 63. Nc5+ Kd6 64. Na6 Kd7 65. Kb7 Re8 66.
Nc5+ Kd6 67. Ne4+ Ke6 68. c8=Q+ Rxc8 69. Kxc8 Kd5 70. Nf6+ Ke6 71. Kc7 Kf5 72. Kd6 Kf4 73. Kd5 Kf3 74. Ne4 Kf4 75. Be5+ Ke3 76. Nc5 Kf3 77.
Kd4 Kg4 78. Ke4 Kg5 79. Ne6+ Kg4 80. Nf8 Kg5 81. Bf4+ Kg4 82. Ne6 Kh3 83. Kf3 Kh4 84.
Nf8 Kh3 85. Ng6 1/2-1/2

[Event "Early-Titled-Tuesday-Blitz-September-12-2023"]
[Site "Chess.com"]
[Date "2023.09.12"]
[Round "11"]
[White "seramoral"]
[Black "sokidze"]
[Result "0-1"]
[WhiteElo "2623"]
[BlackElo "2789"]
[TimeControl "180+1"]
[EndTime "10:08:12 PDT"]
[Termination "sokidze won by resignation"]

1. c4 c5 2. Nc3 Nc6 3. g3 g6 4. Bg2 Bg7 5. a3 e6 6. Rb1 Nge7 7. b4 cxb4 8. axb4 O-O 9. c5 a5 10. b5 Nb4 11. Nf3 d6 12. cxd6 Qxd6 13. O-O Bd7 14. Qb3 Rfc8 15. Ba3 Ned5 16. Rfc1 Qb6 17. e3 Nxc3 18.
dxc3 Nd3 19. Rc2 a4 20. Qa2 Be8 21. c4 Nc5 22. Nd2 Rd8 23. Ne4 Nb3 24. Be7 Rdc8 25. Nf6+ Kh8 26. Rd1 Qc7 27. Bd6 Qb6 28. Be5 Qc5 29.
Qb2 a3 30. Qxb3 Qxe5 31. Nxe8 Rxe8 32. Bxb7 Ra7 33. Bc6 Rb8 34. c5 Bf8 35. Qc4 a2 36. Rxa2 Rxa2 37. Qxa2 Bxc5 38. Rd7 Kg8 39. Kg2 h5 40. Qa4 Bb6 41. Qh4 Qc5 42. Qe7 Qxe7 43. Rxe7 Kf8 44. Rd7 Bc5 45. h4 Bb6 46. Kf3 Kg7 47. Ke4 Kf6 48. f4 Bc5 49. Kf3 Bb6 50. e4 Rd8 51. e5+ Kg7 52. Rb7 Rd3+ 53. Ke2 Re3+ 54.
Kd2 Bc5 55. Be8 Rxg3 56. Rxf7+ Kh6 57. Rf6 Be3+ 58. Ke2 Bd4 59. Rxe6 Kg7 60. b6 Rb3 61. Rxg6+ Kf8 62. Bd7 Bxb6 63. Rg5 Re3+ 64. Kd2 Rf3 65.
Rf5+ Ke7 66. Bc6 Be3+ 67. Ke2 Rxf4 68. Rxh5 Bd4 69. Bd5 Bc5 70. Rh7+ Kf8 71. e6 Rd4 72. Bb3 Re4+ 73. Kd3 Rd4+ 74. Kc3 Re4 75. h5 Bb4+ 76. Kd3 Rf4 77. h6 Bc5 78. Rh8+ Ke7 79. h7 Rd4+ 80. Kc3 Rh4 81. Ra8 Rxh7 82. Rc8 Rh3+ 83. Kc4 Bd6 84. Kd5 Rxb3 85. Ra8 Rb5+ 86. Kc6 Rc5+ 87. Kb6 Kxe6 88. Re8+ Kd5 89. Re2 Rc1 90. Rd2+ Ke6 91. Re2+ Kd7 92. Kb5 Rc5+ 93. Kb6 Rd5 94. Rh2 Bc7+ 95. Kb7 Bxh2 0-1

[Event "Early-Titled-Tuesday-Blitz-September-12-2023"]
[Site "Chess.com"]
[Date "2023.09.12"]
[Round "11"]
[White "tteshan"]
[Black "esrosenberg"]
[Result "1/2-1/2"]
[WhiteElo "2524"]
[BlackElo "2363"]
[TimeControl "180+1"]
[EndTime "10:08:52 PDT"]
[Termination "Game drawn by repetition"]

1. e4 c6 2. d4 d5 3. Nc3 dxe4 4. Nxe4 Bf5 5. Ng3 Bg6 6. h4 h6 7.
Nf3 Nd7 8. Bd3 Bxd3 9. Qxd3 e6 10. Bf4 Ngf6 11. O-O-O Be7 12. Ne4 Nxe4 13. Qxe4 Nf6 14. Qe2 Qd5 15. Kb1 Qe4 16. Qxe4 Nxe4 17. Be3 a5 18. Ne5 a4 19. f3 Ng3 20. Rh3 Nf5 21. Bf2 a3 22. b3 Nd6 23. c4 Bf6 24. Nd3 b5 25. cxb5 Nxb5 26. Rc1 Nxd4 27. Bxd4 Bxd4 28. Rxc6 O-O 29. Rh1 Rfd8 30. Kc2 Rac8 31. Rxc8 Rxc8+ 32. Kd2 Bc3+ 33. Ke3 Ba5 34. Rc1 Rd8 35. Rc4 Bb6+ 36. Ke2 Bd4 37. Ra4 Bb2 38. Rc4 e5 39. b4 f5 40. b5 Bd4 41. Rb4 e4 42. fxe4 fxe4 43. Nc1 Bc3 44. Rxe4 Rd2+ 45. Kf3 Rb2 46. Re8+ Kf7 47.
Rb8 Bd2 48. Nb3 Rxa2 49. b6 Rb2 50. Nxd2 Rxd2 51. b7 Rb2 52. Ke4 a2 53. Ra8 Rxb7 54.
Rxa2 Rb4+ 55. Kf5 Rxh4 56. Ra7+ Kg8 57. g4 Kh7 58. Rb7 Rh1 59. Ra7 Rf1+ 60. Ke4 Kg6 61. Rb7 Rf7 62. Rb5 Rf6 63. Ra5 Rb6 64. Ra7 Rb4+ 65.
Kf3 Rb5 66. Kf4 Rb4+ 67. Kg3 Kf6 68. Ra6+ Kg5 69. Ra5+ Kg6 70. Ra6+ Kh7 71. Ra7 Rb6 72. Rc7 Rb5 73. Ra7 Rb6 74. Rc7 Kg6 75. Ra7 Rb5 76. Rc7 h5 77. gxh5+ Rxh5 78. Rc6+ Kf7 79. Kg4 Ra5 80. Rb6 g6 81. Rc6 Kg7 82. Rb6 Kh6 83.
Rb4 Rg5+ 84. Kh4 Rg1 85. Rc4 g5+ 86. Kh3 Kh5 87. Kh2 Ra1 88. Kg2 g4 89. Rc2 Kh4 90.
Rd2 Ra3 91. Rb2 Rg3+ 92. Kh2 Rf3 93. Kg2 Rc3 94. Ra2 Rd3 95. Rb2 Rh3 96. Ra2 Rg3+ 97. Kh2 Rb3 98. Kg2 Rb4 99. Rc2 g3 100. Ra2 Kg4 101.
Rc2 Rf4 102. Ra2 Re4 103. Rc2 Rd4 104. Rb2 Ra4 105. Rc2 Rb4 106. Ra2 Rc4 107. Re2 Rd4 108. Ra2 Re4 109. Rb2 Ra4 110. Rc2 Rd4 111. Rb2 Rc4 112. Ra2 Rb4 113. Rc2 Ra4 114. Rb2 Rc4 115. Ra2 Rb4 1/2-1/2

[Event "Early-Titled-Tuesday-Blitz-September-12-2023"]
[Site "Chess.com"]
[Date "2023.09.12"]
[Round "11"]
[White "KNVB"]
[Black "Pingah9"]
[Result "1-0"]
[WhiteElo "2754"]
[BlackElo "2573"]
[TimeControl "180+1"]
[EndTime "10:09:36 PDT"]
[Termination "KNVB won by resignation"]

1. d4 g6 2. c4 Bg7 3. e4 c5 4.
d5 b5 5. cxb5 a6 6. bxa6 d6 7.
Nc3 Nf6 8. Bd3 O-O 9. Nge2 Qa5 10. h3 Bxa6 11. O-O Nbd7 12. Bxa6 Qxa6 13. Qc2 Rfb8 14.
Rd1 Ne5 15. Rb1 Nc4 16. a4 Rb4 17. b3 Ne5 18. Bf4 Nfd7 19. Nb5 Rb8 20. Bd2 R4xb5 21. axb5 Qxb5 22. Bc3 g5 23. Ng3 Rc8 24. Nf5 Bf6 25.
Qd2 h5 26. Kh1 Kh7 27. Rdc1 Kg6 28. Re1 c4 29. bxc4 Qxc4 30. Ba1 Ra8 31. Bxe5 Nxe5 32. Rec1 Qxe4 33. Ng3 Qd3 34. Qe1 Ra2 35. Qe4+ Qxe4 36. Nxe4 Nd3 37. Rf1 Bd4 38. Rbd1 Nxf2+ 39. Nxf2 Bxf2 40.
Ra1 Rb2 41. Rab1 Ra2 42. Ra1 Rb2 43. Ra3 Bd4 44. Raf3 f6 45. g4 hxg4 46. hxg4 Be5 47. R3f2 Rb4 48. Rg2 Rd4 49. Rb1 Rxd5 50. Re2 Rd4 51.
Rg2 Re4 52. Kg1 d5 53. Kf2 d4 54. Rb3 Rf4+ 55. Ke2 Bd6 56. Rf3 Re4+ 57. Kd3 Re1 58.
Kxd4 Bf4 59. Kd5 e5 60. Rff2 e4 61. Re2 Rd1+ 62. Kxe4 Ra1 63. Rc2 Re1+ 64. Kd3 Rd1+ 65. Ke4 Re1+ 66. Rce2 Rd1 67. Rb2 Be5 68. Rbc2 Rd4+ 69. Ke3 Ra4 70. Rcd2 Bf4+ 71. Kf3 Bxd2 72. Rxd2 Ra3+ 73. Kg2 Kf7 74. Re2 Ra4 75. Kg3 Ra3+ 76. Kg2 Ra6 77. Rb2 Ke6 78. Kf3 Ra3+ 79. Kf2 Ke5 80.
Rb4 Ra2+ 81. Kf3 Rd2 82. Rb5+ Rd5 83. Rb3 Rc5 84. Ra3 Kd4 85. Ra4+ Rc4 86. Ra6 Rc3+ 87.
Kf2 Ke5 88. Ra4 Rc2+ 89. Kf3 Rc5 90. Ra3 Rb5 91. Rc3 Rd5 92. Ra3 Rc5 93. Rb3 Kd4 94. Rb4+ Rc4 95. Rb6 Rc3+ 96. Kf2 Rc2+ 97. Kf3 Rc3+ 98. Kf2 Ke5 99. Rb4 Rd3 100. Ra4 Rd4 101. Ra5+ Kf4 102. Rf5+ Kxg4 103. Rxf6 Rd2+ 104. Kf1 Kg3 105. Rg6 g4 106. Re6 Rd1+ 107. Ke2 Ra1 108. Rg6 Kh3 109. Kf2 Ra2+ 110. Kg1 Kg3 111. Kf1 Ra1+ 112. Ke2 Ra4 113. Kf1 Ra2 114. Rg7 Rb2 115. Rg6 Rb1+ 116. Ke2 Rb5 117. Rg7 Rb4 118. Kf1 Kf3 119. Rf7+ Kg3 120. Rg7 Rb3 121. Ke2 Rf3 122. Rg6 Rf4 123. Rg7 Kg2 124. Ke3 Ra4 125. Ra7 g3 126. Rxa4 Kh1 127. Kf3 g2 128. Rh4+ Kg1 129. Kg3 Kf1 130. Rf4+ Kg1 131. Re4 Kh1 132. Rh4+ Kg1 133. Rh2 Kf1 134. Rxg2 1-0